[ AOE2 MATCH · #507628076 ]
UnrankedPortuguese vs Japanese
Player's team · WIN
Rival team · LOSS
[ REPLAY ANALYSIS · EXTRACTED FROM THE RECORDED GAME ]
Feudal
9:54
Castle
25:08
Imperial
—
| APM avg | 83.3 |
| APM peak | 123 |
| eAPM avg | 32.5 |
| Villagers / military | 80 / 66 |
Focus
⚔️ 26.0% · 🌾 74.0%
Archer ×39 · Knight ×26 · Monk ×1
Feudal
11:01
Castle
26:13
Imperial
—
| APM avg | 15.6 |
| APM peak | 23 |
| eAPM avg | 9.7 |
| Villagers / military | 55 / 25 |
Focus
⚔️ 27.1% · 🌾 72.9%
Militia ×12 · Spearman ×7 · Skirmisher ×5 · Mangonel ×1
Match map
Initial resources + every placement click. Lines = walls · curves = elevation contours. ◆ gold · ⬟ stone · ● berries · ✦ relic · ◌ wall gap
Your base· Open — 5t gap
[VENINI]LordMooca's base· Open — unwalled flank
Smoothed initial terrain · ◌ = detected wall gap · hover for details
Inputs per minute
— 养鱼的小太阳 - - [VENINI]LordMooca
Build order — 养鱼的小太阳
First 150 of 245 actions detected
| 0:02 | Build | House |
| 0:05 | Build | House |
| 0:11 | Queue | Villager (Male) |
| 0:11 | Queue | Villager (Male) |
| 0:11 | Queue | Villager (Male) |
| 0:12 | Queue | Villager (Male) |
| 0:12 | Queue | Villager (Male) |
| 1:35 | Queue | Villager (Male) |
| 1:35 | Queue | Villager (Male) |
| 2:01 | Build | Lumber Camp |
| 2:02 | Queue | Villager (Male) |
| 2:44 | Queue | Villager (Male) |
| 2:44 | Queue | Villager (Male) |
| 2:44 | Queue | Villager (Male) |
| 2:56 | Queue | Villager (Male) |
| 2:56 | Queue | Villager (Male) |
| 3:25 | Queue | Villager (Male) |
| 3:25 | Queue | Villager (Male) |
| 3:46 | Queue | Villager (Male) |
| 3:47 | Queue | Villager (Male) |
| 3:54 | Build | House |
| 4:16 | Build | House |
| 4:18 | Queue | Villager (Male) |
| 4:42 | Queue | Villager (Male) |
| 4:42 | Queue | Villager (Male) |
| 4:43 | Queue | Villager (Male) |
| 4:56 | Build | House |
| 5:13 | Queue | Villager (Male) |
| 5:36 | Build | Mill |
| 5:37 | Queue | Villager (Male) |
| 5:54 | Queue | Villager (Male) |
| 5:55 | Queue | Villager (Male) |
| 5:55 | Queue | Villager (Male) |
| 6:25 | Research | Loom |
| 7:00 | Build | Farm |
| 7:44 | Research | Feudal Age |
| 8:05 | Build | Barracks |
| 8:28 | Build | House |
| 8:58 | Build | Mining Camp |
| 9:03 | Queue | Villager (Male) |
| 9:42 | Queue | Villager (Male) |
| 9:54 | Age | Feudal Age |
| 9:57 | Research | Double-Bit Axe |
| 9:57 | Research | Double-Bit Axe |
| 10:08 | Queue | Villager (Male) |
| 10:23 | Queue | Villager (Male) |
| 10:27 | Queue | Villager (Male) |
| 10:37 | Build | Archery Range |
| 11:13 | Queue | Villager (Male) |
| 11:29 | Queue | Archer |
| 11:29 | Queue | Archer |
| 11:30 | Queue | Archer |
| 11:30 | Queue | Archer |
| 11:30 | Queue | Archer |
| 11:35 | Build | House |
| 11:37 | Build | House |
| 11:42 | Queue | Villager (Male) |
| 11:53 | Build | Farm |
| 12:12 | Queue | Archer |
| 12:12 | Queue | Archer |
| 12:12 | Queue | Archer |
| 12:20 | Build | Watch Tower |
| 12:40 | Queue | Villager (Male) |
| 12:42 | Queue | Archer |
| 12:43 | Queue | Archer |
| 12:43 | Queue | Archer |
| 12:50 | Queue | Archer |
| 12:50 | Queue | Archer |
| 13:37 | Queue | Archer |
| 13:47 | Queue | Villager (Male) |
| 13:47 | Queue | Villager (Male) |
| 13:48 | Queue | Villager (Male) |
| 13:48 | Queue | Villager (Male) |
| 14:13 | Build | House |
| 14:52 | Queue | Villager (Male) |
| 15:00 | Build | Blacksmith |
| 15:10 | Queue | Archer |
| 15:11 | Queue | Archer |
| 15:11 | Queue | Archer |
| 15:11 | Queue | Archer |
| 15:12 | Queue | Archer |
| 15:21 | Research | Gold Mining |
| 15:21 | Research | Gold Mining |
| 15:22 | Research | Gold Mining |
| 15:33 | Build | Mining Camp |
| 15:35 | Queue | Villager (Male) |
| 15:55 | Build | House |
| 15:57 | Research | Fletching |
| 16:00 | Queue | Villager (Male) |
| 16:16 | Research | Padded Archer Armor |
| 16:16 | Queue | Villager (Male) |
| 16:27 | Build | House |
| 16:30 | Build | House |
| 16:35 | Build | Palisade Wall |
| 16:40 | Build | House |
| 16:59 | Build | Farm |
| 17:00 | Build | Farm |
| 17:01 | Queue | Villager (Male) |
| 17:09 | Queue | Villager (Male) |
| 17:15 | Build | Stable |
| 17:21 | Queue | Villager (Male) |
| 17:28 | Queue | Villager (Male) |
| 17:40 | Build | Farm |
| 18:03 | Queue | Villager (Male) |
| 18:04 | Build | Farm |
| 18:06 | Build | Farm |
| 18:21 | Build | Watch Tower |
| 18:46 | Build | Farm |
| 18:48 | Build | Farm |
| 18:57 | Queue | Villager (Male) |
| 19:02 | Build | House |
| 19:04 | Build | House |
| 19:14 | Build | House |
| 19:17 | Build | House |
| 19:20 | Build | House |
| 19:25 | Queue | Villager (Male) |
| 19:28 | Build | Farm |
| 19:32 | Build | Lumber Camp |
| 19:40 | Queue | Villager (Male) |
| 19:48 | Build | House |
| 19:54 | Queue | Villager (Male) |
| 19:56 | Build | Farm |
| 20:09 | Queue | Villager (Male) |
| 20:17 | Build | Farm |
| 20:19 | Build | Farm |
| 20:20 | Build | Farm |
| 20:22 | Build | Farm |
| 20:24 | Build | Farm |
| 20:46 | Build | Market |
| 20:56 | Queue | Villager (Male) |
| 21:02 | Build | Farm |
| 21:05 | Build | Farm |
| 21:39 | Build | Farm |
| 21:45 | Queue | Villager (Male) |
| 22:28 | Research | Castle Age |
| 22:28 | Research | Castle Age |
| 22:28 | Research | Castle Age |
| 22:35 | Build | Farm |
| 22:57 | Queue | Villager (Male) |
| 23:21 | Build | Mining Camp |
| 23:29 | Build | Watch Tower |
| 23:37 | Queue | Villager (Male) |
| 23:57 | Research | Scale Barding Armor |
| 24:10 | Research | Town Watch |
| 24:28 | Build | Mining Camp |
| 24:48 | Research | Bloodlines |
| 25:08 | Age | Castle Age |
| 25:11 | Queue | Knight |
| 25:12 | Queue | Knight |
| 25:12 | Queue | Knight |
Build order — [VENINI]LordMooca
129 actions detected in the replay
| 0:02 | Queue | Villager (Male) ×4 |
| 0:03 | Research | Loom |
| 0:07 | Build | House |
| 1:13 | Build | House |
| 1:44 | Queue | Villager (Male) |
| 1:44 | Queue | Villager (Male) |
| 2:10 | Queue | Villager (Male) |
| 2:10 | Queue | Villager (Male) |
| 2:48 | Queue | Villager (Male) |
| 2:48 | Queue | Villager (Male) |
| 3:31 | Build | House |
| 3:55 | Queue | Villager (Male) |
| 3:55 | Queue | Villager (Male) |
| 3:55 | Queue | Villager (Male) |
| 3:55 | Queue | Villager (Male) |
| 4:03 | Build | House |
| 4:46 | Queue | Villager (Male) |
| 4:46 | Queue | Villager (Male) |
| 5:07 | Queue | Villager (Male) |
| 5:08 | Queue | Villager (Male) |
| 5:56 | Queue | Villager (Male) |
| 5:56 | Queue | Villager (Male) |
| 6:49 | Build | Lumber Camp |
| 6:52 | Queue | Villager (Male) |
| 6:52 | Queue | Villager (Male) |
| 7:11 | Build | Mill |
| 7:18 | Queue | Villager (Male) |
| 7:46 | Queue | Villager (Male) |
| 8:51 | Research | Feudal Age |
| 9:19 | Build | Barracks |
| 9:44 | Queue | Militia |
| 9:44 | Queue | Militia |
| 9:51 | Build | House |
| 10:16 | Queue | Militia |
| 10:17 | Queue | Militia |
| 10:19 | Queue | Militia |
| 11:01 | Age | Feudal Age |
| 11:09 | Build | Watch Tower |
| 11:15 | Research | Man-at-Arms (upgrade) |
| 11:24 | Build | Mining Camp |
| 11:34 | Build | House |
| 11:43 | Build | Mill |
| 11:46 | Queue | Villager (Male) |
| 11:46 | Queue | Villager (Male) |
| 11:57 | Research | Arson |
| 12:22 | Build | Mill |
| 12:24 | Queue | Villager (Male) |
| 12:35 | Build | House |
| 12:43 | Queue | Militia |
| 12:43 | Queue | Militia |
| 13:17 | Queue | Militia |
| 13:17 | Queue | Militia |
| 14:11 | Queue | Militia |
| 14:12 | Queue | Militia |
| 14:29 | Queue | Villager (Male) |
| 14:29 | Queue | Villager (Male) |
| 14:47 | Queue | Militia |
| 15:25 | Build | Mining Camp |
| 15:27 | Queue | Villager (Male) |
| 15:57 | Build | Archery Range |
| 16:03 | Build | Archery Range |
| 16:07 | Research | Double-Bit Axe |
| 16:12 | Queue | Villager (Male) |
| 16:32 | Queue | Skirmisher |
| 16:32 | Queue | Skirmisher |
| 16:32 | Queue | Skirmisher |
| 16:41 | Queue | Villager (Male) |
| 16:41 | Queue | Villager (Male) |
| 17:25 | Queue | Skirmisher |
| 17:25 | Queue | Skirmisher |
| 17:36 | Queue | Villager (Male) |
| 17:36 | Queue | Villager (Male) |
| 18:37 | Queue | Villager (Male) |
| 18:37 | Queue | Villager (Male) |
| 20:16 | Build | Mill |
| 20:21 | Queue | Villager (Male) |
| 20:22 | Queue | Villager (Male) |
| 21:34 | Queue | Villager (Male) |
| 21:35 | Queue | Villager (Male) |
| 21:40 | Build | House |
| 22:02 | Build | Market |
| 22:24 | Queue | Villager (Male) |
| 22:40 | Queue | Villager (Male) |
| 22:40 | Queue | Villager (Male) |
| 23:11 | Research | Castle Age |
| 23:29 | Build | Lumber Camp |
| 23:40 | Build | Farm |
| 23:53 | Build | Farm |
| 23:54 | Build | Farm |
| 23:57 | Build | Farm |
| 24:28 | Build | Farm |
| 24:28 | Build | Farm |
| 24:28 | Build | Farm |
| 24:28 | Build | Farm |
| 24:29 | Build | Farm |
| 24:29 | Build | Farm |
| 24:29 | Build | Farm |
| 25:13 | Build | Farm |
| 25:56 | Build | Watch Tower |
| 26:13 | Age | Castle Age |
| 26:17 | Queue | Villager (Male) |
| 26:18 | Queue | Villager (Male) |
| 26:18 | Queue | Villager (Male) |
| 26:54 | Queue | Spearman |
| 26:55 | Queue | Spearman |
| 26:55 | Queue | Spearman |
| 27:19 | Build | House |
| 27:50 | Build | House |
| 28:04 | Build | House |
| 28:07 | Build | House |
| 28:52 | Build | Blacksmith |
| 29:13 | Build | Town Center |
| 29:17 | Queue | Villager (Male) |
| 29:22 | Research | Pikeman (upgrade) |
| 29:38 | Build | House |
| 30:17 | Build | Siege Workshop |
| 30:22 | Queue | Villager (Male) |
| 30:22 | Queue | Villager (Male) |
| 30:26 | Queue | Villager (Male) |
| 30:27 | Queue | Villager (Male) |
| 31:07 | Queue | Mangonel |
| 31:10 | Queue | Spearman |
| 31:10 | Queue | Spearman |
| 31:25 | Queue | Villager (Male) |
| 31:26 | Queue | Villager (Male) |
| 31:26 | Queue | Villager (Male) |
| 32:53 | Queue | Spearman |
| 32:53 | Queue | Spearman |
| 33:07 | Build | Lumber Camp |
Match timeline
| 8:05 | 养鱼的小太阳 · first_building Barracks |
| 9:19 | [VENINI]LordMooca · first_building Barracks |
| 9:54 | 养鱼的小太阳 · age_up feudal |
| 10:37 | 养鱼的小太阳 · first_building Archery Range |
| 11:01 | [VENINI]LordMooca · age_up feudal |
| 15:57 | [VENINI]LordMooca · first_building Archery Range |
| 16:35 | 养鱼的小太阳 · wall_segment Palisade Wall x1 |
| 17:15 | 养鱼的小太阳 · first_building Stable |
| 22:00 | 养鱼的小太阳 · first_market_sell 100 wood |
| 22:03 | 养鱼的小太阳 · first_market_buy 100 food |
| 22:59 | [VENINI]LordMooca · first_market_buy 100 food |
| 23:06 | [VENINI]LordMooca · first_market_sell 100 wood |
| 25:08 | 养鱼的小太阳 · age_up castle |
| 26:13 | [VENINI]LordMooca · age_up castle |
| 30:17 | [VENINI]LordMooca · first_building Siege Workshop |
| 31:25 | 养鱼的小太阳 · first_building Monastery |
| 33:21 | [VENINI]LordMooca · resign |
[ AI ANALYSIS · 1 CREDIT ]
What really happened in this match?
Wolo.gg analyzes every decision: build order, eco, micro, common mistakes by bracket. Personalized analysis on WhatsApp or Discord in 30 seconds.
Civ guide
Portuguese
Perfil
Jugador #9760608